 Dungeon Crawl Stone Soup version 0.30-a0-739-gea05faddec (webtiles) character file.

Game seed: 8255407924460794813

2494958 Flugkiller the Warrior (level 25, 185/185 HPs)
             Began as an Octopode Transmuter on Feb 4, 2023.
             Was an Initiate of Gozag.
             Escaped with the Orb
             ... and 4 runes!
             The game lasted 02:36:58 (59072 turns).

Flugkiller the Warrior (Octopode Transmuter)       Turns: 59072, Time: 02:36:58

Health: 185/185    AC: 26    Str: 18    XL:     25   Next: 29%
Magic:  29/39      EV: 43    Int: 21    God:    Gozag
Gold:   2925       SH:  0    Dex: 16    Spells: 11/48 levels left

rFire   + . .      SeeInvis .      - Unarmed
rCold   . . .      Faith    .    (shield currently unavailable)
rNeg    . . .      Spirit   .    (helmet currently unavailable)
rPois   ∞          Reflect  .    Y - amulet of regeneration
rElec   +          Harm     .    p - +4 ring of protection
rCorr   .          Rampage  .    F - +4 ring of protection
Will    ++...                    B - +5 ring of evasion
Stlth   ++                       v - +5 ring of evasion
HPRegen 1.30/turn                D - +5 ring of evasion
MPRegen 0.26/turn                U - ring "Ronoshrij" {rElec Str+6 Slay+3}
                                 m - ring of willpower
                                 f - ring of protection from fire

@: storm-form, flying, very slightly contaminated, bribing [the Dungeon, the
Realm of Zot]
A: cleaving, insubstantial, flying, almost no armour, amphibious, 8 rings,
(camouflage 1), (gelatinous body 1), (nimble swimmer 1), (tentacles),
(iridescent scales 1)
0: Orb of Zot
}: 4/15 runes: barnacled, silver, abyssal, gossamer
a: Blinkbolt, End Transformation, Renounce Religion, Potion Petition, Call
Merchant, Bribe Branch


You escaped.
You worshipped Gozag.
Gozag was most pleased with you.
You were a lightning-filled tempest!
You visited 8 branches of the dungeon, and saw 44 of its levels.
You visited the Abyss 3 times.
You also visited: Gauntlet.

You collected 26015 gold pieces.
You spent 4810 gold pieces at shops.
You paid 18280 gold pieces to Gozag.

Inventory:

Missiles
 T - 4 throwing nets (quivered)
Armour
 W - a +2 hat of see invisible (melded)
   (You found it on level 12 of the Dungeon)
Magical Staves
 u - a staff of air (melded)
   (You found it on level 5 of the Vaults)
Jewellery
 c - a ring of protection from cold
   (You bought it in a shop on level 2 of the Orcish Mines)
 f - a ring of protection from fire (on tentacle)
   (You bought it in a shop on level 2 of the Orcish Mines)
 j - a +4 ring of slaying
   (You took it off a yaktaur on level 5 of the Vaults)
 m - a ring of willpower (on tentacle)
   (You took it off an orc warrior on level 12 of the Dungeon)
 o - a ring of protection from fire
   (You found it on level 3 of the Vaults)
 p - a +4 ring of protection (left tentacle)
   (You found it on level 7 of the Dungeon)
 v - a +5 ring of evasion (on tentacle)
   (You bought it in a shop on level 1 of the Lair of Beasts)
 y - the ring "Peuw Tysse" {Ice Dex+2}
   (You took it off Josephina on level 4 of the Depths)

   [ring of ice]

   It enhances your ice magic.
   Dex:       It affects your dexterity (+2).
   rF:        It makes you vulnerable to fire.
   rC:        It protects you from cold.
 B - a +5 ring of evasion (on tentacle)
   (You bought it in a shop on level 2 of the Orcish Mines)
 D - a +5 ring of evasion (on tentacle)
   (You bought it in a shop on level 2 of the Orcish Mines)
 F - a +4 ring of protection (right tentacle)
   (You took it off a gnoll bouda on level 7 of the Dungeon)
 U - the ring "Ronoshrij" (on tentacle) {rElec Str+6 Slay+3}
   (You bought it in a shop on level 1 of the Lair of Beasts)

   [ring of strength]

   Str:       It affects your strength (+6).
   Slay:      It affects your accuracy & damage with ranged weapons and melee
   (+3).
   rElec:     It insulates you from electricity.
 Y - an amulet of regeneration (around neck)
   (You found it on level 14 of the Dungeon)
 Z - the ring "Umeuzad" {rF- Will+ Int+3 Stlth+}
   (You found it on level 15 of the Dungeon)

   [ring of willpower]

   Int:       It affects your intelligence (+3).
   rF:        It makes you vulnerable to fire.
   Will:      It increases your willpower.
   Stlth:     It makes you more stealthy.
Wands
 H - a wand of acid (25)
   (You found it on level 8 of the Dungeon)
 I - a wand of flame (23)
   (You found it on level 6 of the Dungeon)
 L - a wand of roots (33)
   (You found it on level 1 of the Lair of Beasts)
 M - a wand of mindburst (26)
   (You found it on level 1 of the Lair of Beasts)
 S - a wand of polymorph (18)
   (You found it on level 5 of the Lair of Beasts)
Scrolls
 a - 8 scrolls of vulnerability
 b - 6 scrolls of butterflies
 e - a scroll of torment
 r - a scroll of silence
 t - 14 scrolls of teleportation
 z - 3 scrolls of blinking
 C - 5 scrolls of fog
 K - 8 scrolls of immolation
 V - 6 scrolls of fear
Potions
 d - 8 potions of might
 g - 9 potions of attraction
 h - a potion of haste
 k - 9 potions of mutation
 n - 6 potions of resistance
 q - 19 potions of curing
 s - 12 potions of brilliance
 w - 5 potions of heal wounds
 x - a potion of invisibility
 A - 4 potions of berserk rage
 N - 4 potions of ambrosia
 Q - 2 potions of magic
 R - 4 potions of cancellation
Miscellaneous
 i - a phantom mirror
   (You found it on level 2 of the Depths)
 G - a lightning rod (4/4)
   (You found it on level 3 of the Lair of Beasts)
 J - a tin of tremorstones (2/2)
   (You found it on level 1 of the Lair of Beasts)
 O - a phial of floods
   (You found it on level 4 of the Lair of Beasts)
 X - a box of beasts
   (You found it on level 1 of the Vaults)


   Skills:
 + Level 18.7 Fighting
 - Level 15.0 Dodging
 - Level 10.0 Stealth
 - Level 14.1 Shields
 + Level 18.7 Unarmed Combat
 - Level 12.0 Spellcasting
 - Level 5.0 Conjurations
 - Level 10.0 Summonings
 - Level 8.0 Translocations
 - Level 16.0 Transmutations
 - Level 8.0 Ice Magic
 - Level 14.0 Air Magic
 - Level 10.0 Earth Magic
 - Level 3.0 Poison Magic
 - Level 8.0 Evocations


You had 11 spell levels left.
You knew the following spells:

 Your Spells              Type           Power      Damage    Failure   Level
a - Statue Form           Tmut/Erth      40%        N/A       3%          6
b - Wereblood             Tmut           68%        N/A       0%          2
c - Storm Form            Tmut/Air       33%        N/A       10%         7
d - Passage of Golubria   Tloc           46%        N/A       1%          4
e - Frozen Ramparts       Ice            92%        1d14      1%          3
f - Summon Ice Beast      Ice/Summ       50%        N/A       1%          4
g - Summon Forest         Summ/Tloc      25%        N/A       3%          5
h - Beastly Appendage     Tmut           100%       N/A       0%          1
i - Irradiate             Conj/Tmut      27%        3d20      1%          5

Your spell library contained the following spells:

 Spells                   Type           Power      Damage    Failure   Level
 Apportation              Tloc           92%        N/A       1%          1
 Magic Dart               Conj           100%       1d8       1%          1
 Shock                    Conj/Air       100%       1d9       1%          1
 Summon Small Mammal      Summ           100%       N/A       1%          1
 Call Imp                 Summ           53%        N/A       1%          2
 Ensorcelled Hibernation  Hex/Ice        58%        N/A       1%          2
 Lesser Beckoning         Tloc           92%        N/A       1%          2
 Momentum Strike          Conj/Tloc      78%        3d10      1%          2
 Passwall                 Tmut/Erth      50%        N/A       1%          2
 Searing Ray              Conj           66%        2d6       1%          2
 Call Canine Familiar     Summ           53%        N/A       1%          3
 Gell's Gravitas          Tloc           46%        N/A       1%          3
 Mephitic Cloud           Conj/Pois/Air  43%        N/A       1%          3
 Spider Form              Tmut/Pois      51%        N/A       1%          3
 Swiftness                Air            63%        N/A       1%          3
 Teleport Other           Tloc           46%        N/A       1%          3
 Airstrike                Air            31%        2d(5-21)  1%          4
 Ice Form                 Ice/Tmut       58%        N/A       1%          4
 Petrify                  Tmut/Erth      61%        N/A       1%          4
 Summon Lightning Spire   Summ/Air       58%        N/A       1%          4
 Blade Hands              Tmut           34%        N/A       1%          5
 Lee's Rapid Deconstruct  Erth           26%        3d14*     2%          5
 Portal Projectile        Hex/Tloc       58%        N/A       3%          3
 Alistair's Intoxication  Tmut/Pois      34%        N/A       3%          5
 Necrotise                Necr           48%        1d6       5%          1
 Slow                     Hex            48%        N/A       5%          1
 Dazzling Flash           Conj/Hex       46%        N/A       5%          3
 Yara's Violent Unravell  Hex/Tmut       23%        3d10      5%          5
 Leda's Liquefaction      Hex/Erth       16%        N/A       7%          4
 Scorch                   Fire           24%        2d6       8%          2
 Sublimation of Blood     Necr           12%        N/A       8%          2
 Silence                  Hex/Air        21%        N/A       9%          5
 Confusing Touch          Hex            12%        N/A       16%         3
 Inner Flame              Hex/Fire       12%        N/A       16%         3
 Tukima's Dance           Hex            12%        N/A       16%         3
 Vampiric Draining        Necr           12%        2d6       16%         3
 Conjure Ball Lightning   Conj/Air       25%        3x3d7     16%         6
 Eringya's Noxious Bog    Tmut/Pois      25%        N/A       16%         6
 Fulminant Prism          Conj/Hex       11%        3d9       19%         4
 Iskenderun's Battlesphe  Conj           33%        2d9       19%         5
 Summon Mana Viper        Hex/Summ       33%        N/A       19%         5
 Dispersal                Tloc           23%        N/A       30%         6
 Fireball                 Conj/Fire      11%        3d7       45%         5
 Monstrous Menagerie      Summ           26%        N/A       58%         7
 Summon Hydra             Summ           26%        N/A       58%         7
 Maxwell's Capacitive Co  Air            31%        ∞         73%         8
 Agony                    Necr           12%        N/A       82%         5
 Orb of Destruction       Conj           16%        9d7       99%         7
 Death Channel            Necr           6%         N/A       100%        6
 Lehudib's Crystal Spear  Conj/Erth      22%        10d6      100%        8
 Necromutation            Tmut/Necr      23%        N/A       100%        8
 Shatter                  Erth           26%        3d22*     100%        9


Dungeon Overview and Level Annotations

Branches:
Dungeon (15/15)            Temple (0/1) D:7            Lair (5/5) D:10
 Shoals (4/4) Lair:2       Spider (4/4) Lair:2        Slime (0/5) Lair:5
    Orc (2/2) D:10            Elf (0/3) Orc:2        Vaults (5/5) D:14
  Crypt (0/3) Vaults:2     Depths (4/4) D:15            Zot (5/5) Depths:4
Gauntlet (visited)

Altars:
Fedhas
Gozag
Makhleb
Nemelex Xobeh
Qazlal
Trog
Vehumet
Yredelemnul
Zin
Jiyva

Shops:
D:1 [   D:9 (   D:13 (   Orc:2 !::==   Lair:1 =   Vaults:1 (((   Depths:1 =:=

Portals:
Hell: Depths:1 Depths:2 Depths:3 Depths:4
Abyss: Depths:3 Depths:4
Pandemonium: Depths:2 Depths:3
Ziggurat: Depths:1

Annotations:
D:3 exclusion: downstairs
D:4 3 runed translucent doors, NoOffense's ghost, amateur TrTm
D:10 2 transporters, Decipherer's ghost, journeyman MiBe
D:13 Rupert
Lair:1 3 runed translucent doors, iskra's ghost, journeyman HORe
Depths:1 exclusions: ancient lich, downstairs and 3 more exclusions


Innate Abilities, Weirdness & Mutations

You are a lightning-filled tempest!
Your electrical attacks strike out in all directions at once.
You are incredibly evasive.
Your insubstantial body is immune to petrification, constriction, and being set on fire You are flying.
You are immune to poison.
Your armour is entirely melded.
You are incapable of wielding weapons or throwing items.
You cannot wear most types of armour.
You are amphibious.
You can wear up to eight rings at the same time.
((Your skin changes colour to match your surroundings (Stealth+).))
((Your rubbery body absorbs attacks. (AC +1, EV +1)))
((You are camouflaged when in or above water. (Stealth+)))
((You have tentacles for arms and can constrict up to eight enemies at once.))
((You are partially covered in iridescent scales. (AC +2)))


Message History

(N) Spider Nest (M) Slime Pits (O) Orcish Mines (E) Elven Halls (V) Vaults (C) Crypt (U) Depths (H) Hell (Z) Zot
Where to? (Enter - D:1 @ (x,y), ? - help)
A green death comes into view.
There is a stone staircase leading up here.
You fly upwards.
There is a stone staircase leading down here.
(D) Dungeon (T) Temple (L) Lair (A) Shoals (N) Spider Nest (M) Slime Pits (O) Orcish Mines (E) Elven Halls (V) Vaults (C) Crypt (U) Depths (H) Hell (Z) Zot
Where to? (Enter - D:1 @ (x,y), ? - help)
Your sun demon grins greedily, jangling a coin purse.
A sun demon comes into view.
Your balrug grins greedily, jangling a coin purse.
Your sun demon grins greedily, jangling a coin purse.
A balrug and 2 sun demons come into view.
Your balrug is wielding a +1 demon whip of flaming.
The sun demon shouts!
Your sun demon hits the sun demon!
The sun demon is engulfed in flames.
The sun demon completely resists.
Your sun demon hits the sun demon but does no damage.
Your balrug hits the sun demon with a +1 demon whip of flaming!
The sun demon is engulfed in flames.
The sun demon completely resists.
Your sun demon misses the sun demon.
The sun demon misses you.
You blast the sun demon!!!
You kill the sun demon!
You blast the plant!!!
The plant begins to die.
(D) Dungeon (T) Temple (L) Lair (A) Shoals (N) Spider Nest (M) Slime Pits (O) Orcish Mines (E) Elven Halls (V) Vaults (C) Crypt (U) Depths (H) Hell (Z) Zot
Where to? (Enter - D:1 @ (x,y), ? - help)
Your sun demon hits the plant.
The plant begins to die.
The plant is engulfed in flames!
A nearby plant withers and dies.
A nearby plant withers and dies.
Your transformation is almost over.
Your transformation has ended.
Your staff of air unmelds from your body.
Your +2 hat of see invisible unmelds from your body.
You feel perceptive. 4 hell hounds come into view.
The hell hound attacks as you move away!
The hell hound completely misses you.
The hell hound barks!
Your balrug hits the hell hound with a +1 demon whip of flaming!!
The hell hound is engulfed in flames.
The hell hound completely resists.
Your sun demon hits the hell hound!
The hell hound is engulfed in flames.
The hell hound completely resists.
Your sun demon barely misses the hell hound.
Your balrug hits the hell hound with a +1 demon whip of flaming!
The hell hound dies!
Your sun demon hits the hell hound!
The hell hound is engulfed in flames.
The hell hound completely resists.
Your sun demon closely misses the hell hound.
The hell hound bites your sun demon.
The hell hound barely misses your sun demon.
There is a stone staircase leading up here.
The hell hound bites your sun demon.
Your balrug closely misses the hell hound.
The hell hound closely misses your sun demon.
The hell hound bites your sun demon.
Your sun demon hits the hell hound!!
The hell hound dies!
Your sun demon hits the hell hound.
The hell hound is engulfed in flames.
The hell hound completely resists.
The hell hound is distracted by your dazzling golden aura.
The hell hound barely misses your sun demon.
You climb upwards.
There is a stone staircase leading down here.
(D) Dungeon (T) Temple (L) Lair (A) Shoals (N) Spider Nest (M) Slime Pits (O) Orcish Mines (E) Elven Halls (V) Vaults (C) Crypt (U) Depths (H) Hell (Z) Zot
Where to? (Enter - D:1 @ (x,y), ? - help)
An Orb Guardian comes into view.
The Orb Guardian stares, then turns away, jangling a coin purse.
A rust devil comes into view.
Casting: Storm Form (dangerous; 10% risk of failure)
Confirm with . or Enter, or press ? or * to list all spells.
You feel a surge of power!
You miscast Storm Form.
You are very lightly contaminated with residual magic.
Your limbs ache and wobble like jelly.
You are lightly contaminated with residual magic.
You enter the shallow water.
There is a staircase leading out of the dungeon here.
Enter note:
Casting: Storm Form (dangerous; 10% risk of failure)
Confirm with . or Enter, or press ? or * to list all spells.
You feel a surge of power!
You turn into a lightning-filled tempest!
Your staff of air melds into your body.
Your +2 hat of see invisible melds into your body.
You feel less perceptive.
Imat grins greedily, jangling a coin purse.
The blizzard demon stares, then turns away, jangling a coin purse.
An Imat and a blizzard demon come into view.
Enter note: gg You have escaped!

#######################
#.....................#######
#.#.........................#
#...P~~~~~~~~P...P2≈~~~~~~P.#
#...~~≈~~~~≈≈~...~&≈~~~~≈≈~.#
#...~≈~~~~~≈≈~...~≈≈~~~~≈≈~.#
##...P~~~~~~~≈.....~~~~~~~~P.#
).............4.v............##
.....P~~~~~~~~.....~≈~~~~~~P..#
#....~~≈~~~~~~~...~~≈~~~~~~~..#
.....~~≈~~~~≈≈≈...~~~~~~~≈~~..#
.....P~~~~~~≈~P...P~≈~≈≈~~≈P..#
...#..........................#
.#.##...................#..##.#
........###############.......#
.#.##....## #.......######.##


You could see a rust devil, a neutral blizzard demon (unaware) and the friendly
Imat (unaware).

Vanquished Creatures
  A dread lich (Vaults:5)
  An ancient lich (Vaults:5)
  3 juggernauts
  The ghost of Peona the Conqueror, a veteran MiGl of Okawaru (Vaults:2)
  Josephina (Depths:4)
  Vv (Depths:2)
  Frederick (Vaults:2)
  Saint Roka (Vaults:2)
  8 golden dragons
  Nikola (Spider:4)
  Arachne (Spider:4)
  3 doom hounds (Depths:4)
  3 Tzitzimimeh (Depths:4)
  2 electric golems (Zot:5)
  A hellephant (Abyss:3)
  11 tentacled monstrosities
  5 liches
  2 shard shrike skeletons
  A Hell Sentinel (Depths:4)
  7 Orb Guardians (Zot:5)
  5 quicksilver dragons
  8 titans
  An ancient champion (Depths:3)
  A walking frostbound tome (Depths:3)
  Grunn (Depths:4)
  A tentacled starspawn (Abyss:2)
  7 sphinxes
  An Executioner (Depths:2)
  Asterion (Vaults:3)
  An acid blob (Spider:3)
  Frances (Shoals:1)
  A death cob (Zot:1)
  4 shadow dragons
  6 tengu reavers
  Kirke (Spider:1)
  Agnes (D:15)
  Donald (Orc:2)
  A draconian monk (Zot:2)
  A draconian knight (Depths:4)
  5 storm dragons
  7 fire giants
  2 iron dragons
  3 draconian scorchers
  2 balrugs
  16 vault wardens
  4 emperor scorpions
  9 frost giants
  Aizul (Vaults:2)
  Louise (Depths:4)
  A draconian stormcaller (Depths:4)
  4 draconian annihilators
  A ghost moth (Spider:4)
  4 draconian shifters
  2 angels (Depths:4)
  A spriggan defender (Depths:2)
  5 orc warlords
  2 reapers
  5 broodmothers
  A stone giant (shapeshifter) (Vaults:3)
  19 ironbound preservers
  A quicksilver ooze (Lair:5)
  37 very ugly things
  5 war gargoyles
  14 stone giants
  A demonspawn black sun (Depths:4)
  3 purple draconians
  A putrid mouth (Depths:4)
  7 ironbound thunderhulks
  A deep elf demonologist (Vaults:5)
  A lorocyproca (Depths:3)
  The ghost of LetschGu the Fighter, a journeyman OgTm of the Shining One (D:12)
  A vampire knight (Depths:2)
  4 green draconians
  4 black draconians
  2 red draconians
  2 white draconians
  A minotaur (Shoals:4)
  2 yellow draconians
  2 spark wasps
  3 deep elf annihilators (Vaults:5)
  11 dire elephants
  2 crystal guardians
  A blizzard demon (Depths:3)
  The ghost of Loklulaf the Cleaver, a journeyman DgGl (Orc:1)
  16 ettins
  Snorg (D:13)
  9 merfolk impalers
  8 fire dragons
  5 entropy weavers
  3 merfolk javelineers
  An ice dragon (shapeshifter) (Depths:3)
  A deep elf high priest (Vaults:5)
  10 great orbs of eyes
  7 yaktaur captains
  A spectral kraken (Shoals:3)
  2 jiangshi (Depths:2)
  2 spriggan air magi (Depths:2)
  4 rakshasas
  29 vault guards
  6 hydras
  8 ice dragons
  An alligator snapping turtle (Shoals:4)
  3 jorogumos
  3 ghost crabs (Shoals:3)
  9 ironbound frosthearts
  An ogre mage (Vaults:5)
  A hell beast (Depths:3)
  5 catoblepae
  A merfolk avatar (Shoals:3)
  A two-headed ogre (shapeshifter) (Depths:3)
  A dancing weapon (Vaults:5)
  11 satyrs
  3 peacekeepers
  2 radroaches
  6 boulder beetles
  10 centaur warriors
  A merfolk aquamancer (Shoals:4)
  6 deep troll earth magi
  3 death yaks (Lair:5)
  3 deep troll shamans
  5 two-headed ogres
  2 tengu warriors
  4 vampire magi
  4 orc high priests (Orc:2)
  Urug (D:11)
  12 hell knights
  6 spriggan berserkers
  8 sun demons
  3 spriggans (Depths:4)
  A wretched star (Abyss:3)
  4 iron trolls
  5 skeletal warriors
  A quicksilver dragon simulacrum (Vaults:5)
  3 pharaoh ants
  8 sea snakes
  A sixfirhy (D:11)
  10 large abominations
  A shadow wraith (Vaults:5)
  A sun moth (Spider:4)
  An orange crystal statue (Vaults:1)
  A spatial maelstrom (Abyss:3)
  A swamp dragon (shapeshifter) (Vaults:5)
  A flayed ghost (Depths:3)
  49 deep trolls
  3 phantasmal warriors
  A shadow demon (D:15)
  8 steelbarb worms
  12 orb spiders
  10 wizards
  5 glowing orange brains
  17 orc knights
  12 lindwurms
  17 ironbound convokers
  A harpy (shapeshifter) (Depths:3)
  28 harpies
  3 deep elf zephyrmancers (D:15)
  4 necromancers
  4 deep elf pyromancers
  63 ugly things
  A tengu skeleton (Vaults:2)
  A fire giant zombie (D:15)
  15 wolf spiders
  15 manticores
  An oklob plant (Spider:3)
  20 fauns
  A salamander (shapeshifter) (Vaults:5)
  7 elephants
  A worldbinder (Abyss:3)
  2 cyclopes
  4 merfolk sirens
  A moth of wrath (shapeshifter) (Vaults:5)
  Joseph (D:7)
  6 moths of wrath
  7 black mambas
  47 slime creatures
  20 vault sentinels
  A black mamba (shapeshifter) (Vaults:5)
  2 frost giant skeletons (Vaults:5)
  A guardian serpent (shapeshifter) (Depths:3)
  A stone giant skeleton (Vaults:2)
  4 smoke demons
  8 demonic crawlers
  A rust devil (D:11)
  3 torpor snails
  4 water nymphs
  A spriggan zombie (D:15)
  A storm dragon simulacrum (Zot:1)
  2 hellions (Abyss:3)
  A kobold demonologist (D:12)
  12 cane toads
  17 yaktaurs
  5 tengu conjurers
  An unseen horror (D:12)
  3 rime drakes
  9 komodo dragons
  A spectral merfolk (Shoals:3)
  2 efreet
  A yaktaur skeleton (Vaults:2)
  A spectral water nymph (Shoals:3)
  3 freezing wraiths
  22 merfolk
  13 trolls
  A red devil (Depths:2)
  5 hellwings
  A golden dragon simulacrum (Zot:1)
  3 wind drakes
  2 polar bears (Lair:5)
  11 tarantellas
  9 hornets
  5 blink frogs (Lair:5)
  A raiju (shapeshifter) (Vaults:3)
  2 draconian simulacra (Zot:1)
  A centaur simulacrum (D:14)
  A raiju (Abyss:3)
  14 snapping turtles
  32 jumping spiders
  23 culicivoras
  A ynoxinul (D:11)
  5 shadows
  4 vampires
  5 wraiths
  31 water elementals
  9 wyverns
  18 yaks
  A fire elemental (Depths:1)
  8 starcursed masses (Abyss:3)
  2 hogs (Spider:1)
  3 neqoxecs
  3 chaos spawn
  3 steam dragons
  3 spatial vortices (Abyss:3)
  13 basilisks
  53 redbacks
  Menkaure (D:4)
  2 tengu zombies
  16 vampire mosquitoes
  5 wargs
  A spectral snapping turtle (Shoals:3)
  5 hell hounds
  19 water moccasins
  10 acid dragons
  2 floating eyes
  A glowing shapeshifter skeleton (Vaults:2)
  A glowing shapeshifter zombie (D:15)
  A moth of wrath simulacrum (Zot:1)
  A floating eye (shapeshifter) (Depths:2)
  41 orc warriors
  6 black bears
  2 ice beasts (D:7)
  18 wolves
  5 ogres
  10 boggarts
  2 phantoms
  2 centaurs (D:9)
  A spectral cyclops (Shoals:3)
  16 bullfrogs
  2 gnoll sergeants
  2 scorpions (D:5)
  2 water moccasin zombies (D:5)
  6 small abominations
  3 wights (D:7)
  3 killer bees (D:9)
  14 electric eels
  2 howler monkeys
  2 lava snakes (Lair:2)
  2 quasits (D:11)
  3 bullfrog zombies (D:5)
  28 orc priests
  8 jellies
  4 hounds
  3 gnoll boudas
  A scorpion zombie (D:5)
  2 iguanas
  17 orc wizards
  10 hell rats
  17 gnolls
  9 adders
  2 shadow imps
  A white imp (Abyss:3)
  An ufetubus (D:5)
  4 worms
  3 dart slugs
  86 orcs
  8 endoplasms
  2 giant cockroaches (D:1)
  5 goblins
  11 hobgoblins
  9 jackals
  6 kobolds
  2 quokkas
  2 ball pythons
  2 bats (D:3)
  3 frilled lizards
  10 rats
  3 tentacles (Shoals:3)
1818 creatures vanquished.

Vanquished Creatures (collateral kills)
  2 Orb Guardians (Zot:5)
  An orc high priest (Orc:2)
  A harpy (Shoals:2)
  A deep elf pyromancer (D:15)
  A deep elf zephyrmancer (D:15)
  2 orc knights (Orc:2)
  2 wolf spiders (Spider:1)
  A manticore (Shoals:1)
  2 ugly things (D:14)
  An apocalypse crab (Abyss:3)
  A merfolk (Shoals:2)
  A troll (Orc:2)
  2 large abominations
  3 jumping spiders (Spider:1)
  A chaos spawn (Abyss:3)
  2 redbacks (Spider:3)
  A warg (Orc:1)
  Edmund (D:4)
  2 hell hounds (D:2)
  14 orc warriors
  An ogre (Orc:1)
  3 orc priests (Orc:2)
  3 orc wizards (Orc:2)
  14 orcs
63 creatures vanquished.

Vanquished Creatures (others)
  A juggernaut (Depths:3)
  An electric golem (Zot:5)
  5 Orb Guardians (Zot:5)
  A quicksilver dragon (Zot:5)
  A shadow dragon (Vaults:5)
  A draconian stormcaller (Zot:5)
  A draconian annihilator (Zot:5)
  2 green draconians (Zot:5)
  A yellow draconian (Zot:5)
  A white draconian (Zot:5)
  A yaktaur captain (Vaults:5)
  An ice dragon (Depths:2)
  A merfolk aquamancer (Shoals:4)
  2 moths of wrath (Zot:5)
  A water moccasin (Lair:5)
  A boggart (D:15)
  An endoplasm (Lair:5)
  A demonic plant (D:11)
  38 fungi
  89 plants
  7 snaplasher vines
  2 starspawn tentacles (Abyss:2)
  12 tentacles (Shoals:3)
  5 toadstools (D:14)
  16 withered plants
193 creatures vanquished.

Grand Total: 2074 creatures vanquished

Notes
Turn   | Place    | Note
-------+----------+-------------------------------------------
     0 | D:1      | Flugkiller the Octopode Transmuter began the quest for the
                  | Orb.
     0 | D:1      | Reached XP level 1. HP: 13/13 MP: 3/3
   104 | D:1      | Reached skill level 1 in Stealth
   120 | D:1      | Reached XP level 2. HP: 8/18 MP: 3/5
   279 | D:1      | Learned a level 2 spell: Wereblood
   411 | D:1      | Reached XP level 3. HP: 24/24 MP: 4/6
   542 | D:1      | Found Puakinuv's Antique Armour Shop.
  1080 | D:2      | Reached skill level 1 in Poison Magic
  1418 | D:2      | Reached XP level 4. HP: 27/29 MP: 5/7
  1421 | D:2      | Found a faded altar of an unknown god.
  1689 | D:3      | Learned a level 3 spell: Spider Form
  1765 | D:3      | Found a stormy altar of Qazlal.
  2266 | D:3      | Identified the +6 dagger of Toecir {heavy, rElec rC+}
  2362 | D:4      | Reached XP level 5. HP: 26/34 MP: 7/9
  2485 | D:4      | Found a runed translucent gate.
  2485 | D:4      | Noticed NoOffense's ghost (amateur TrTm)
  2486 | D:4      | Found a runed translucent gate.
  2487 | D:4      | Found a runed translucent gate.
  2789 | D:4      | Noticed Menkaure
  3155 | D:4      | Killed Menkaure
  3156 | D:4      | Reached XP level 6. HP: 33/42 MP: 8/10
  3287 | D:4      | Noticed Edmund
  3633 | D:4      | Noticed a black bear
  3645 | D:4      | HP: 2/43 [black bear (4)]
  3646 | D:4      | Killed a black bear
  3647 | D:4      | Reached XP level 7. HP: 3/48 MP: 7/11
  3986 | D:5      | Entered Level 5 of the Dungeon
  4176 | D:5      | Noticed a troll
  4237 | D:5      | Found a radiant altar of Vehumet.
  4245 | D:5      | Found an opulent altar of Gozag.
  4260 | D:5      | Became a worshipper of Gozag Ym Sagoz the Greedy
  4858 | D:5      | Reached XP level 8. HP: 46/54 MP: 3/12
  5056 | D:5      | Reached skill level 5 in Fighting
  5165 | D:5      | Found a basalt altar of Yredelemnul.
  5373 | D:5      | Reached skill level 5 in Dodging
  5373 | D:5      | Reached skill level 5 in Unarmed Combat
  5710 | D:5      | Identified a scroll of acquirement
  5867 | D:5      | Acquired 546 gold pieces
  6229 | D:6      | Learned a level 4 spell: Ice Form
  6579 | D:6      | Noticed a shadow
  6848 | D:7      | Identified the amulet "Banlu" {RegenMP rElec rCorr Dex+5}
  7279 | D:7      | Noticed Joseph
  7355 | D:7      | Reached skill level 1 in Ice Magic
  7484 | D:7      | Reached XP level 9. HP: 56/61 MP: 12/14
  7766 | D:7      | Found a staircase to the Ecumenical Temple.
  8285 | D:7      | Reached skill level 5 in Transmutations
  8820 | D:8      | Noticed a hornet
  8937 | D:8      | Noticed a two-headed ogre
  9925 | D:9      | Reached skill level 5 in Spellcasting
 10163 | D:9      | Found Nilimm's Antique Weapon Boutique.
 10278 | D:9      | Reached skill level 1 in Evocations
 10484 | D:8      | Reached XP level 10. HP: 67/67 MP: 17/17
 10539 | D:8      | Found a glowing silver altar of Zin.
 10694 | D:9      | Identified the +1 ring mail "Yrghac" {rPois rC+ Str+3}
 10701 | D:10     | Entered Level 10 of the Dungeon
 10768 | D:10     | Noticed an elephant
 10870 | D:10     | Noticed a two-headed ogre
 10983 | D:10     | Found a staircase to the Orcish Mines.
 11033 | D:10     | Reached skill level 5 in Evocations
 11439 | D:10     | Found a staircase to the Lair.
 11527 | D:10     | Killed an elephant
 11942 | D:10     | Noticed a two-headed ogre
 12324 | D:10     | Found a transporter.
 12324 | D:10     | Noticed a moth of wrath
 12324 | D:10     | Noticed a two-headed ogre
 12325 | D:10     | Noticed Decipherer's ghost (journeyman MiBe)
 12327 | D:10     | Found a bloodstained altar of Trog.
 12342 | D:10     | Found a transporter.
 12385 | D:10     | Noticed a two-headed ogre
 12835 | D:5      | Found a radiant altar of Vehumet.
 12843 | D:5      | Found an opulent altar of Gozag.
 13169 | D:5      | Found a basalt altar of Yredelemnul.
 14080 | D:7      | Found a staircase to the Ecumenical Temple.
 14301 | D:7      | Killed Joseph
 14302 | D:7      | Reached XP level 11. HP: 44/75 MP: 18/18
 14845 | D:8      | Killed a two-headed ogre
 15053 | D:10     | Killed a two-headed ogre
 15347 | D:11     | Noticed a boulder beetle
 15456 | Lair:1   | Entered Level 1 of the Lair of Beasts
 15456 | Lair:1   | Found a gate leading to a gauntlet.
 15461 | Lair:1   | Bought a +5 ring of evasion for 648 gold pieces
 15467 | Gauntlet | Entered a Gauntlet
 15467 | Gauntlet | Noticed a death scarab
 15467 | Gauntlet | Found a transporter.
 15482 | Gauntlet | Found a transporter.
 15483 | Gauntlet | Found a transporter.
 15487 | Gauntlet | Found a transporter.
 15487 | Gauntlet | Noticed a sixfirhy
 15491 | Gauntlet | Found a transporter.
 15494 | Gauntlet | Found a transporter.
 15495 | Gauntlet | Found a transporter.
 15503 | Gauntlet | Found a transporter.
 15506 | Gauntlet | Found a transporter.
 15507 | Gauntlet | Found a transporter.
 15509 | Gauntlet | Noticed a death yak
 15509 | Gauntlet | Noticed a death yak
 15509 | Gauntlet | Noticed a death yak
 15515 | Gauntlet | Found a transporter.
 15518 | Gauntlet | Found a transporter.
 15519 | Gauntlet | Found a transporter.
 15527 | Gauntlet | Found a transporter.
 15579 | Gauntlet | Noticed an orange crystal statue
 16228 | Lair:1   | Found a runed translucent gate.
 16228 | Lair:1   | Found a runed translucent gate.
 16228 | Lair:1   | Found a runed translucent gate.
 16259 | Lair:1   | Noticed an ice dragon
 16261 | Lair:1   | Noticed iskra's ghost (journeyman HORe)
 16805 | Lair:2   | Reached skill level 10 in Fighting
 16805 | Lair:2   | Reached skill level 10 in Unarmed Combat
 16887 | Lair:2   | Noticed a four-headed hydra
 17137 | Lair:2   | Found a staircase to the Shoals.
 17149 | Lair:2   | Reached XP level 12. HP: 87/87 MP: 19/19
 17340 | Lair:2   | Killed a four-headed hydra
 17550 | Lair:2   | Found a hole to the Spider Nest.
 18376 | Lair:3   | Noticed an eight-headed hydra
 18518 | Lair:3   | Noticed a catoblepas
 19046 | Lair:3   | Killed an eight-headed hydra
 19172 | Lair:3   | Killed a catoblepas
 19461 | Lair:4   | Reached XP level 13. HP: 97/97 MP: 20/20
 20410 | Lair:4   | Reached skill level 1 in Summonings
 21069 | Lair:5   | Entered Level 5 of the Lair of Beasts
 21196 | Lair:5   | Reached skill level 5 in Ice Magic
 21528 | Lair:5   | Noticed a quicksilver ooze
 21592 | Lair:5   | Killed a quicksilver ooze
 21975 | Lair:5   | Learned a level 3 spell: Frozen Ramparts
 21980 | Lair:5   | Learned a level 4 spell: Summon Ice Beast
 22289 | Lair:5   | Reached skill level 5 in Summonings
 22351 | Lair:5   | Found a viscous altar of Jiyva.
 22352 | Lair:5   | Found a staircase to the Slime Pits.
 22390 | Lair:5   | Reached XP level 14. HP: 90/103 MP: 24/24
 23240 | Lair:5   | Found the +12 glaive of Prune {freeze, Prune}
 23497 | Lair:1   | Bought the ring "Ronoshrij" {rElec Str+6 Slay+3} for 1126
                  | gold pieces
 23850 | D:11     | Noticed Urug
 23860 | D:11     | Killed Urug
 23979 | D:11     | Learned a level 5 spell: Summon Forest
 24147 | D:11     | Reached skill level 1 in Translocations
 24988 | D:12     | Found a runed translucent gate.
 24988 | D:12     | Found a runed translucent gate.
 24988 | D:12     | Found a runed translucent gate.
 24994 | D:12     | Noticed LetschGu's ghost (journeyman OgTm)
 24995 | D:12     | Identified the +4 chain mail of Sajyliv {+Blink Regen+
                  | Dex+2 Stlth-}
 25310 | D:12     | Found the necklace of Bloodlust {Fury *Rage Will++ Int-3
                  | Slay+6}
 25549 | D:12     | Identified the +0 robe "Mome" {*Slow rPois rF+}
 25670 | D:12     | Killed LetschGu's ghost
 25795 | D:13     | Noticed Snorg
 25808 | D:13     | Killed Snorg
 26100 | D:13     | Noticed Rupert
 26105 | D:13     | Paralysed by Rupert for 5 turns
 26380 | D:13     | Found Boxku's Antique Weapon Boutique.
 26608 | D:14     | Reached skill level 5 in Translocations
 26660 | D:14     | Reached XP level 15. HP: 108/108 MP: 27/27
 26906 | D:14     | Reached skill level 10 in Summonings
 27207 | D:14     | Identified the +5 sling of Xicweag {drain, *Corrode rF+++
                  | MP+9 Dex-5}
 27526 | D:14     | Found a gate to the Vaults.
 27627 | D:15     | Entered Level 15 of the Dungeon
 27884 | D:15     | Identified the +0 chain mail of the Morning {-Cast rElec
                  | rPois rF+}
 27956 | D:15     | Found a staircase to the Depths.
 28555 | D:15     | Found a sparkling altar of Nemelex Xobeh.
 28566 | D:15     | Got the Compendium of Spelunking and Orientation
 28806 | D:15     | Noticed Agnes
 28811 | D:15     | Killed Agnes
 28814 | D:15     | Identified the ring "Umeuzad" {rF- Will+ Int+3 Stlth+}
 29266 | Orc:1    | Entered Level 1 of the Orcish Mines
 29583 | Orc:2    | Entered Level 2 of the Orcish Mines
 29591 | Orc:2    | Noticed an orc warlord
 29612 | Orc:2    | Killed an orc warlord
 29633 | Orc:2    | Found Cufav's Jewellery Emporium.
 29654 | Orc:2    | Bought a +6 ring of dexterity for 396 gold pieces
 29696 | Orc:2    | Found a burning altar of Makhleb.
 30442 | Orc:2    | Reached XP level 16. HP: 119/119 MP: 15/28
 30682 | Orc:2    | Noticed Donald
 30738 | Orc:2    | Killed Donald
 30987 | Orc:2    | Found Asuit's Book Emporium.
 30987 | Orc:2    | Found Myutwup's Jewellery Emporium.
 30988 | Orc:2    | Found Usiurroh's Distillery.
 30988 | Orc:2    | Found Zurahago's Book Shoppe.
 31018 | Orc:2    | Bought a book of the Earth for 576 gold pieces
 31025 | Orc:2    | Learned a level 6 spell: Statue Form
 31179 | Orc:2    | Found a staircase to the Elven Halls.
 31650 | Orc:1    | Reached skill level 1 in Earth Magic
 31800 | Orc:1    | Found a runed translucent door.
 31880 | Orc:1    | Noticed Loklulaf's ghost (journeyman DgGl)
 31896 | Orc:1    | Killed Loklulaf's ghost
 31909 | Orc:1    | Identified the +8 flail of Incongruity {vamp, rPois}
 32029 | Orc:2    | Bought a ring of protection from cold for 275 gold pieces
 32083 | Orc:2    | Bought a ring of protection from fire for 325 gold pieces
 32083 | Orc:2    | Bought a +5 ring of evasion for 468 gold pieces
 32083 | Orc:2    | Bought a +5 ring of evasion for 468 gold pieces
 32246 | Shoals:1 | Entered Level 1 of the Shoals
 32595 | Shoals:1 | Acquired 1085 gold pieces
 32725 | Shoals:1 | Noticed Frances
 32740 | Shoals:1 | Killed Frances
 32761 | Shoals:1 | You fall into a shaft and drop 1 floor!
 34390 | Shoals:2 | Reached skill level 5 in Earth Magic
 35241 | Shoals:3 | Reached XP level 17. HP: 125/125 MP: 30/30
 35520 | Shoals:3 | Reached skill level 10 in Spellcasting
 35857 | Shoals:3 | Reached skill level 10 in Transmutations
 36174 | Spider:1 | Entered Level 1 of the Spider Nest
 36800 | Spider:1 | Noticed Kirke
 36815 | Spider:1 | Killed Kirke
 38816 | Spider:3 | Reached skill level 10 in Earth Magic
 39422 | Spider:3 | Reached XP level 18. HP: 131/131 MP: 28/32
 39740 | Spider:4 | Entered Level 4 of the Spider Nest
 40143 | Spider:4 | Noticed Nikola
 40152 | Spider:4 | Killed Nikola
 40153 | Spider:4 | Reached skill level 10 in Dodging
 40265 | Spider:4 | Noticed Arachne
 40283 | Spider:4 | Killed Arachne
 40796 | Spider:4 | Reached skill level 5 in Stealth
 40948 | Spider:4 | Got a gossamer rune of Zot
 41271 | Shoals:4 | Entered Level 4 of the Shoals
 41600 | Shoals:4 | Got a barnacled rune of Zot
 41840 | Shoals:4 | Reached skill level 10 in Stealth
 41859 | Shoals:4 | Reached skill level 1 in Shields
 42095 | Shoals:4 | Learned a level 5 spell: Irradiate
 42097 | Shoals:4 | Identified the +6 chain mail of the Lich-sworn {rN+ SInv}
 42167 | Shoals:4 | Reached skill level 1 in Conjurations
 42223 | Shoals:4 | Found the +5 demon whip "Spellbinder" {antimagic, disrupt,
                  | Will+}
 42289 | Shoals:4 | Acquired 778 gold pieces
 42291 | Shoals:4 | Acquired the +0 kite shield of Absolutism {rC++ Regen+
                  | Dex-4 Stlth+}
 42432 | Shoals:4 | Reached skill level 5 in Shields
 42707 | Vaults:1 | Entered Level 1 of the Vaults
 42729 | Vaults:1 | Reached XP level 19. HP: 136/136 MP: 33/33
 42927 | Abyss:2  | Cast into level 2 of the Abyss (a wizard)
 42937 | Abyss:2  | Found a corrupted altar of Lugonu.
 42981 | Abyss:2  | Found a corrupted altar of Lugonu.
 43096 | Abyss:3  | Noticed a hellephant
 43119 | Abyss:3  | Noticed a hellephant
 43120 | Abyss:3  | Found a corrupted altar of Lugonu.
 43135 | Abyss:3  | Got an abyssal rune of Zot
 43145 | Abyss:3  | Reached skill level 5 in Conjurations
 43171 | Abyss:3  | Gained mutation: Your body sometimes deteriorates upon
                  | taking damage. [mutagenic glow]
 43174 | Vaults:1 | Escaped the Abyss
 43412 | Vaults:1 | Found Kampeatz's Antique Weapon Shop.
 43418 | Vaults:1 | Found Teseeh's Weapon Shop.
 43528 | Vaults:1 | Lost mutation: Your body sometimes deteriorates upon taking
                  | damage. [potion of mutation]
 43528 | Vaults:1 | Gained mutation: You are partially covered in iridescent
                  | scales. (AC +2) [potion of mutation]
 43902 | Vaults:1 | Found Sinkialu's Weapon Shoppe.
 44773 | Vaults:2 | Noticed Frederick
 44899 | Vaults:2 | Killed Frederick
 44903 | Vaults:2 | Reached XP level 20. HP: 143/143 MP: 34/34
 44958 | Vaults:2 | Reached skill level 10 in Shields
 45030 | Vaults:2 | Noticed Saint Roka
 45037 | Vaults:2 | Reached skill level 15 in Transmutations
 45046 | Vaults:2 | Killed Saint Roka
 45134 | Vaults:2 | Found a runed translucent door.
 45134 | Vaults:2 | Noticed Peona's ghost (veteran MiGl)
 45335 | Vaults:2 | Found a staircase to the Crypt.
 45374 | Vaults:2 | Noticed Aizul
 45384 | Vaults:2 | Killed Aizul
 45685 | Vaults:2 | Killed Peona's ghost
 45992 | Abyss:3  | Cast into level 3 of the Abyss (a wizard)
 46018 | Abyss:3  | Killed a hellephant
 46068 | Abyss:3  | Found a corrupted altar of Lugonu.
 46259 | Vaults:3 | Escaped the Abyss
 46402 | Vaults:3 | Noticed Asterion
 46418 | Vaults:3 | Killed Asterion
 46744 | Vaults:3 | Reached skill level 15 in Fighting
 46758 | Vaults:3 | Reached skill level 15 in Unarmed Combat
 46766 | Vaults:3 | Reached XP level 21. HP: 151/151 MP: 35/35
 48109 | Abyss:3  | Cast into level 3 of the Abyss (a wizard)
 48111 | Abyss:3  | Found a corrupted altar of Lugonu.
 48131 | Abyss:3  | Found a corrupted altar of Lugonu.
 48136 | Abyss:3  | Found a corrupted altar of Lugonu.
 48190 | Vaults:4 | Escaped the Abyss
 48854 | Depths:1 | Entered Level 1 of the Depths
 49178 | Depths:1 | Found a one-way gateway to a ziggurat.
 49178 | Depths:1 | Noticed an ancient lich
 49231 | Depths:1 | Found a gateway to Hell.
 49453 | Depths:1 | Found Nushe's Jewellery Shop.
 49454 | Depths:1 | Found Yrisem's Book Shoppe.
 49455 | Depths:1 | Found Weqemp's Jewellery Shop.
 49724 | Depths:1 | Paralysed by a floating eye for 3 turns
 49748 | Depths:1 | Reached skill level 15 in Dodging
 49748 | Depths:1 | Reached skill level 1 in Air Magic
 49760 | Depths:1 | Reached XP level 22. HP: 157/157 MP: 36/36
 50052 | Depths:2 | Noticed Vv
 50161 | Depths:2 | Killed Vv
 50284 | Depths:2 | Noticed a golden dragon
 50303 | Depths:2 | Killed a golden dragon
 50331 | Depths:2 | Noticed a golden dragon
 50340 | Depths:2 | Killed a golden dragon
 50422 | Depths:2 | Paralysed by a floating eye for 3 turns
 50541 | Depths:2 | Found the dreamshard necklace {*Dream Drain}
 50573 | Depths:2 | Found a one-way gate leading to the halls of Pandemonium.
 50706 | Depths:2 | Reached skill level 5 in Air Magic
 51063 | Depths:2 | Noticed a juggernaut
 51072 | Depths:2 | Killed a juggernaut
 51535 | Depths:3 | Found a one-way gate to the infinite horrors of the Abyss.
 51675 | Depths:3 | Found a blossoming altar of Fedhas.
 51760 | Depths:3 | Found a runed translucent door.
 51772 | Depths:3 | Noticed a golden dragon
 51777 | Depths:3 | Noticed a juggernaut
 51779 | Depths:3 | Killed a golden dragon
 51789 | Depths:3 | Killed a juggernaut
 51794 | Depths:3 | Noticed a juggernaut
 51811 | Depths:3 | Killed a juggernaut
 51905 | Depths:3 | Got the Lessons on Fever and Shadows
 51967 | Depths:3 | Reached XP level 23. HP: 162/162 MP: 25/39
 52231 | Depths:3 | Reached skill level 10 in Air Magic
 52716 | Depths:4 | Entered Level 4 of the Depths
 52728 | Depths:4 | Noticed Louise
 52735 | Depths:4 | Killed Louise
 52764 | Depths:4 | Got Sif Muna's Opusculum on Hot Talus
 52862 | Depths:4 | Noticed a juggernaut
 52873 | Depths:4 | Killed a juggernaut
 53036 | Depths:4 | Noticed Grunn
 53466 | Depths:4 | Killed Grunn
 53587 | Depths:4 | Found a gate to the Realm of Zot.
 54112 | Depths:1 | Bought a book of the Sky for 528 gold pieces
 54120 | Depths:1 | Learned a level 7 spell: Storm Form
 54998 | Vaults:5 | Entered Level 5 of the Vaults
 55027 | Vaults:5 | Noticed a dread lich
 55045 | Vaults:5 | Killed a dread lich
 55180 | Vaults:5 | Identified the +0 leather armour of the Depths {Rampage rC+
                  | Dex+3}
 55328 | Vaults:5 | Identified the +2 shortbow of Mana {heavy, rPois Int-5
                  | Dex+2}
 55426 | Vaults:5 | Reached XP level 24. HP: 152/171 MP: 32/39
 55603 | Vaults:5 | Identified the +3 scale mail of the Shrinking Gods {Str+4
                  | Dex+6 Slay+2}
 55721 | Vaults:5 | Noticed an ancient lich
 55734 | Vaults:5 | Killed an ancient lich
 55911 | Vaults:5 | Found the +5 scythe "Finisher" {speed, eviscerate}
 55930 | Vaults:5 | Identified the +8 spear "Moebluk" {heavy, Int+3}
 55940 | Vaults:5 | Identified the +1 long sword "Lufonn" {freeze, rElec MP+9
                  | Str-3 Int+6}
 56554 | Vaults:5 | Found the +2 hat of the Bear Spirit {Spirit, Bear, *Rage
                  | Will++}
 56582 | Vaults:5 | Got a silver rune of Zot
 56751 | Vaults:5 | Got Tal Enui's Vademecum on Phantasms
 56760 | Vaults:5 | Identified the +6 lajatang of Offence {drain, *Noise rElec
                  | rCorr}
 56763 | Vaults:5 | Acquired 808 gold pieces
 57188 | Zot:1    | Entered Level 1 of the Realm of Zot
 57366 | Zot:1    | Identified the ring "Peuw Tysse" {Ice Dex+2}
 57366 | Zot:1    | Noticed Josephina
 57615 | Depths:4 | Killed Josephina
 58085 | Zot:3    | Reached XP level 25. HP: 183/183 MP: 37/39
 58138 | Zot:5    | Entered Level 5 of the Realm of Zot
 58333 | Zot:5    | Learned a level 4 spell: Passage of Golubria
 58347 | Zot:5    | Noticed an ancient lich
 58355 | Zot:5    | Noticed an orb of fire
 58357 | Zot:5    | Noticed an orb of fire
 58357 | Zot:5    | Noticed a dread lich
 58362 | Zot:5    | Noticed a Killer Klown
 58363 | Zot:5    | Noticed an orb of fire
 58373 | Zot:5    | Noticed a Killer Klown
 58388 | Zot:5    | Noticed a Killer Klown
 58389 | Zot:5    | Noticed a Killer Klown
 58393 | Zot:5    | Noticed a dread lich
 58394 | Zot:5    | Noticed an orb of fire
 58397 | Zot:5    | Noticed a Killer Klown
 58409 | Zot:5    | Got the Orb of Zot
 58864 | D:9      | Noticed Qeconwer the pandemonium lord
 58993 | D:4      | Killed Edmund
 59071 | D:1      | Noticed Imat the pandemonium lord
 59071 | D:1      | gg
 59072 | D:$      | Escaped with the Orb!

Illustrated notes

#######################
#.....................#######
#.#.........................#
#...P~~~~~~~~P...P2≈~~~~~~P.#
#...~~≈~~~~≈≈~...~&≈~~~~≈≈~.#
#...~≈~~~~~≈≈~...~≈≈~~~~≈≈~.#
##...P~~~~~~~≈.....~~~~~~~~P.#
)............4..v............##
.....P~~~~~~~~.....~≈~~~~~~P..#
#....~~≈~~~~~~~...~~≈~~~~~~~..#
.....~~≈~~~~≈≈≈...~~~~~~~≈~~..#
.....P~~~~~~≈~P...P~≈~≈≈~~≈P..#
...#..........................#
.#.##...................#..##.#
........###############.......#
.#.##....## #.......######.##


Turn 59071 on D:1: gg

Levels and vault maps discovered:
D:1:      giann_bridges, layout_rooms, serial_shops, shop, serial_aquarium,
          aquarium_bridge_square [aquarium_subvault_bridge,
          aquarium_subvault_bridge, aquarium_subvault_window,
          aquarium_subvault_bridge], aquarium_bridge_straight
          [aquarium_subvault_bridge, aquarium_subvault_window,
          aquarium_subvault_bridge, aquarium_subvault_wall],
          aquarium_window_corridor_1, aquarium_window_1, aquarium_view_2b,
          aquarium_pool_S, hangedman_decor_clover_reticule
D:2:      layout_loops_ring, dreamdust_ecumenical_altar_grove,
          minmay_misc_feat_plants
D:3:      layout_rooms, mainiacjoe_overflow_24_doors, minmay_pentangle
D:4:      layout_loops_corners, serial_glass, glass_columns_b, glass_columns_b,
          ebering_ghost_rock_garden, minmay_misc_feat_rows, uniq_menkaure,
          uniq_edmund
D:5:      layout_basic, nicolae_yredelemnul_corpse_copse,
          mainiacjoe_overflow_large_starburst
D:6:      layout_basic
D:7:      layout_basic, minmay_temple_entry_overgrown, uniq_joseph
D:8:      layout_loops_corners, zin_scriptorium, serial_bayou_lagoon_a
D:9:      layout_rooms, serial_shops, shop
D:10:     layout_irregular_city, david_lair_generic, erik_orc_3,
          gammafunk_ghost_wrathful_warriors
D:11:     layout_basic, serial_demonic, serial_demonic_g, serial_demonic_d,
          serial_demonic_d, serial_demonic_f, serial_demonic_c,
          serial_demonic_d, nooodl_orcs_dogs, uniq_urug
D:12:     layout_basic, biasface_ghost_orc_armoury
D:13:     layout_cave_pools, serial_shops, nicolae_shop_trees,
          corexii_checkpoint_b, minmay_statues_item, uniq_rupert, uniq_snorg
D:14:     layout_irregular_city, david_vaults_5, minmay_gold_behind_fungi,
          hex_medium, minivault_25_ag, chequers_jeans
D:15:     gammafunk_depths_entry_grave, layout_basic,
          nemelex_xobeh_ov_fountains_minmay, eino_small_chamber_without_monster,
          elves_outpost_lemuel, uniq_agnes
Lair:1:   layout_cave_pods, gauntlet_entry_generic, gammafunk_ghost_icy,
          nicolae_lair_grove_arrangements, lemuel_fruit_tree
Lair:2:   layout_regular_city, minmay_shoals_entry_hut,
          nicolae_spider_entry_tight_spaces, nicolae_lair_liquid_snakes
Lair:3:   layout_roguey [special_room_mythical_zoo], minmay_holes
Lair:4:   cheibrodos_lair_overgrown_chateau, layout_cave_pods,
          chequers_serial_rivers_micro_e, grunt_megastairs_5,
          infiniplex_staircase_pool
Lair:5:   grunt_lair_end_beastmaster, layout_regular_city,
          nicolae_slime_entry_slimehenge, nicolae_lair_time_for_slime
Shoals:1: layout_shoals, nicolae_shoals_loop_pool, uniq_frances
Shoals:2: layout_shoals
Shoals:3: layout_shoals, nicolae_shoals_spectral_cove
Shoals:4: shoals_end_hellmonk_lost_city
Spider:1: layout_cave_pods, uniq_kirke
Spider:2: layout_spider_delve, nicolae_spider_cling_halls
Spider:3: layout_chambers, nicolae_spider_acid_house
Spider:4: guppyfry_spider_rune, uniq_arachne, uniq_nikola
Orc:1:    layout_diamond_mine, ebering_ghost_reflecting_pool
Orc:2:    st_orc_pillars, layout_caves, serial_shops, shop, basic_altar,
          uniq_donald
Vaults:1: vaults_room_grunt_arrival_ludios, hangedman_vaults_nodes,
          v_alt_pattern_1, nicolae_vaults_yaktaur_gun_rack,
          vaults_mumra_hexcomb, nicolae_vaults_statue_guard,
          layout_vaults_omnigrid, serial_shops, nicolae_shop_trees,
          nicolae_shop_bloodbath_and_beyond, nicolae_diamond_shop
Vaults:2: ebering_ghost_inner_flame, v_pattern_2, vaults_room_ringed_pool,
          v_misc_4, ontoclasm_vaults_chip, vaults_room_fours,
          minmay_crypt_entry_vampire_xt, grunt_vaults_diagonal,
          hangedman_vaults_stitches, v_rooms_5, vaults_dpeg_spiral,
          layout_vaults_maze_snakey, uniq_frederick, uniq_saint_roka, uniq_aizul
Vaults:3: v_alt_pattern_1, nicolae_vaults_network_barrier,
          dpeg_vaults_pockets_of_resistance, nicolae_vaults_rhombus_7,
          vaults_mumra_chevron, ontoclasm_vaults_idyll, v_misc_22,
          grunt_vaults_hallway_short, v_misc_23, vaults_dpeg_ring,
          layout_vaults_omnicross, uniq_asterion
Vaults:4: vaults_mumra_minichess, v_alt_pattern_1, grunt_vaults_funnel,
          nicolae_vaults_alarming, v_misc_13, hangedman_vaults_cutoff,
          v_pattern_5, ontoclasm_vaults_decontamination,
          nicolae_vaults_murderbox, v_misc_3, ontoclasm_vaults_tryst,
          layout_vaults_chaotic_city
Vaults:5
Depths:1: layout_gridville, enter_ziggurat_d, hell_entry, kennysheep_boxes,
          ebering_dispersal_statue_hall, hangedman_stitches_earthworm,
          minmay_shop_grove, infiniplex_staircase_pool_lava
Depths:2: minmay_complete_graph, layout_gridlike, interstate_on_off, hell_entry,
          grunt_pan_entry_zigzag, uniq_vv
Depths:3: minmay_the_grid_triangle_9x9_line_8_mashed
          [minmay_the_grid_triangle_9x9_wacky_v,
          minmay_the_grid_triangle_9x9_shrine,
          minmay_the_grid_triangle_9x9_stretched_checkered,
          minmay_the_grid_triangle_9x9_subtriangle,
          minmay_the_grid_triangle_9x9_corruption,
          minmay_the_grid_triangle_9x9_steps,
          minmay_the_grid_triangle_9x9_alien,
          minmay_the_grid_triangle_9x9_prize_top_heavy], layout_gridlike,
          grunt_mini_vestibule, abyss_entry, minmay_door_square, pan_entry,
          infiniplex_staircase_spiral_double
Depths:4: evilmike_zot_entry_round, layout_basic,
          nicolae_abyss_entry_one_way_or_another, grunt_hell_entry_dis_old,
          chequers_serial_rivers_marsh, uniq_grunn
Zot:1:    layout_cathedral_of_symmetry, drop_trap,
          hangedman_zot_decor_scrapings, st_stairs_3, st_large_dragon_hoard_3,
          uniq_josephina
Zot:2:    layout_misc_corridors, skrybe_zot_glass_3
Zot:3:    layout_cathedral_of_symmetry, grunt_megastairs_3
Zot:4:    layout_misc_corridors, st_stairs_4, lemuel_lich_library
Zot:5:    layout_gridville, hangedman_zot_diagonal_lockstep

Skill      XL: |  1  2  3  4  5  6  7  8  9 10 11 12 13 14 15 16 17 18 19 20 21 22 23 24 |
---------------+-------------------------------------------------------------------------+-----
Stealth        | 2 10 | 10.0
Fighting       | 2 3 4 5 7 10 12 14 15 18 | 18.7
Poison Magic   | 1 2 3 |  3.0
Transmutations | 3 4 7 9 12 14 15 16 | 16.0
Spellcasting   | 3 5 7 8 9 10 12 | 12.0
Dodging        | 4 5 6 8 9 11 12 15 | 15.0
Unarmed Combat | 4 5 7 10 12 13 15 18 | 18.7
Ice Magic      | 1 4 6 8 |  8.0
Evocations     | 2 6 7 8 |  8.0
Summonings     | 5 9 10 | 10.0
Translocations | 5 8 |  8.0
Earth Magic    | 5 10 | 10.0
Shields        | 5 9 11 14 | 14.1
Conjurations   | 2 5 |  5.0
Air Magic      | 1 9 14 | 14.0

Action                     |  1- 3 |  4- 6 |  7- 9 | 10-12 | 13-15 | 16-18 | 19-21 | 22-24 | 25-27 || total
---------------------------+-------+-------+-------+-------+-------+-------+-------+-------+-------++-------
  Melee: Unarmed           |    65 |   113 |   435 |   565 |  1028 |  1109 |  1105 |  1077 |   103 ||  5600
         Kick              |    17 |    18 |    17 |       |       |       |       |       |       ||    52
         Constrict         |    18 |    17 |    13 |     2 |     2 |    69 |   151 |    65 |       ||   337
         Punch             |     4 |       |     2 |       |     2 |    48 |   192 |   188 |    23 ||   459
         Tentacles         |    18 |    11 |    16 |     3 |     5 |   108 |   406 |   275 |       ||   842
         Dagger            |       |    21 |       |       |       |       |       |       |       ||    21
  Throw: Dart              |       |       |       |     3 |     2 |       |       |       |       ||     5
   Cast: Beastly Appendage |    21 |    16 |     6 |       |       |     1 |       |       |       ||    44
         Wereblood         |     2 |       |       |     5 |     8 |    16 |    14 |     7 |       ||    52
         Spider Form       |       |     8 |    51 |    13 |     3 |     3 |       |       |       ||    78
         Ice Form          |       |       |     8 |    55 |    98 |    61 |       |       |       ||   222
         Frozen Ramparts   |       |       |       |       |    32 |    27 |     4 |     1 |       ||    64
         Summon Ice Beast  |       |       |       |       |    13 |     6 |       |       |       ||    19
         Summon Forest     |       |       |       |       |     7 |    24 |     1 |     1 |       ||    33
         Statue Form       |       |       |       |       |       |    45 |    90 |    55 |       ||   190
         Irradiate         |       |       |       |       |       |       |    16 |    18 |       ||    34
         Storm Form        |       |       |       |       |       |       |       |    33 |    11 ||    44
         Passage of Golubr |       |       |       |       |       |       |       |       |     1 ||     1
 Invoke: Call Merchant     |       |       |       |     1 |       |       |       |       |       ||     1
         Potion Petition   |       |       |       |       |       |       |     3 |     2 |       ||     5
         Bribe Branch      |       |       |       |       |       |       |       |       |     5 ||     5
Ability: End Transformatio |       |       |     5 |     3 |     1 |     2 |       |     1 |       ||    12
         Blinkbolt         |       |       |       |       |       |       |       |    12 |     2 ||    14
  Evoke: Wand              |       |       |     4 |    14 |    14 |     8 |       |     1 |       ||    41
         Lightning rod     |       |       |       |     3 |       |       |       |       |       ||     3
         Tin of tremorston |       |       |       |       |       |     4 |       |     3 |       ||     7
         Phantom mirror    |       |       |       |       |       |       |       |     1 |       ||     1
         Phial of floods   |       |       |       |       |       |       |       |     1 |       ||     1
    Use: Scroll            |       |     5 |    10 |     6 |     9 |     8 |     1 |    12 |     3 ||    54
         Potion            |       |     1 |     3 |     1 |       |     1 |     1 |     3 |     3 ||    13
   Stab: Sleeping          |     8 |     9 |     3 |     4 |     4 |     4 |     9 |     4 |       ||    45
         Distracted        |       |       |     1 |       |    14 |    19 |    12 |     8 |     3 ||    57
         Petrified         |       |       |       |       |     6 |       |       |       |       ||     6
         Petrifying        |       |       |       |       |     2 |       |       |       |       ||     2
         Paralysed         |       |       |       |       |       |       |       |     1 |       ||     1
         Invisible         |       |       |       |       |       |       |       |     4 |       ||     4
 Armour: Skin              |     2 |     7 |    49 |   140 |   272 |   256 |   286 |   244 |    12 ||  1268
  Dodge: Dodged            |    27 |    96 |   362 |   405 |   726 |  1617 |  1658 |  1200 |   149 ||  6240
  Block: Kite shield       |       |       |       |       |       |       |   613 |   435 |       ||  1048

Table legend: (Time is in decaauts)
 A = Elapsed time spent in this place.
 B = Non-inter-level travel time spent in this place.
 C = Inter-level travel time spent in this place.
 D = Time resting spent in this place.
 E = Time spent auto-exploring this place.
 F = Levels seen in this place.
 G = Mean time per level.
                   A        B        C        D        E       F      G
               +--------+--------+--------+--------+--------+-----+--------+
         Total |  61926 |  55913 |   6013 |   9395 |  27271 |  49 | 1263.8 |
       Dungeon |  22226 |  19357 |   2869 |   3831 |   8909 |  15 | 1481.7 |
          Lair |   7960 |   7456 |    504 |   1897 |   3296 |   5 | 1592.0 |
        Shoals |   5503 |   5201 |    302 |   1251 |   2134 |   4 | 1375.8 |
   Spider Nest |   5330 |   5087 |    243 |    511 |   3236 |   4 | 1332.5 |
  Orcish Mines |   3023 |   2545 |    478 |    460 |   1246 |   2 | 1511.5 |
        Vaults |   8893 |   7950 |    943 |    586 |   4779 |   5 | 1778.6 |
        Depths |   7113 |   6518 |    595 |    732 |   3369 |   4 | 1778.2 |
           Zot |    884 |    808 |     76 |    121 |      0 |   5 |  176.8 |
         Abyss |    820 |    820 |      0 |      3 |    167 |   4 |  205.0 |
      Gauntlet |    170 |    170 |      0 |      0 |    133 |   1 |  170.0 |
               +--------+--------+--------+--------+--------+-----+--------+

Top non-repeatable levels by time:
     D:5: 3238 daAuts
  Lair:5: 2291 daAuts
    D:10: 2153 daAuts
   Orc:2: 2150 daAuts
     D:7: 2080 daAuts
Depths:3: 2039 daAuts
    D:15: 1888 daAuts
Depths:4: 1882 daAuts
Vaults:2: 1831 daAuts
Vaults:4: 1822 daAuts
Depths:2: 1784 daAuts
Vaults:1: 1779 daAuts
Vaults:5: 1747 daAuts
Vaults:3: 1712 daAuts
     D:8: 1682 daAuts
